 Dungeon Crawl Stone Soup version bcrawl-1.13.4 (webtiles) character file.

Game seed: 10574819065773634032

1247 Felnil the Fighter (level 8, -13/58 HPs)
             Began as a Skeleton Fighter on Aug 13, 2019.
             Was an Initiate of Ru.
             Killed from afar by Crazy Yiuf (17 damage)
             ... with a wand of acid (8)
             ... on level 5 of the Dungeon.
             The game lasted 00:17:51 (6587 turns).

Felnil the Fighter (Skeleton Fighter)               Turns: 6587, Time: 00:17:52

Health: -13/58     AC:  2    Str: 22 (24) XL:     8   Next: 25%
Magic:  0/8        EV:  6    Int: 11      God:    Ru [......]
Gold:   290        SH: 14    Dex:  6 (8)  Spells: 7/7 levels left

rFire    + . .     SeeInvis .   a - +0 rapier
rCold    + . .     Gourm    .   g - +0 large shield
rNeg     + + +     Faith    .   q - +1 ring mail of the Fisher {rF+ Int+3}
rPois    ∞         Spirit   +   (no helmet)
rElec    .         Reflect  .   (no cloak)
rCorr    .         Harm     .   (no gloves)
MR       +....                  (no boots)
Stlth    +.........             i - amulet of the acrobat
HPRegen  0.19/turn              (no ring)
MPRegen  0.11/turn              (no ring)

@: corroded
A: no food or potions, cold resistance 1, deterioration 1, negative energy
resistance 3, powered by death 1, torment resistance, unbreathing, magic shield,
sturdy frame 1, spell healing
a: Renounce Religion


You were on level 5 of the Dungeon.
You worshipped Ru.
Ru was noncommittal.
You were not hungry.

You visited 2 branches of the dungeon, and saw 6 of its levels.

You collected 290 gold pieces.

Inventory:

Hand Weapons
 a - a +0 rapier (weapon)
 k - a +2 scythe of venom
Armour
 g - a +0 large shield (worn)
 m - the +1 leather armour of the Fife {rC++ Dex+2}
   (You found it on level 5 of the Dungeon)

   It affects your dexterity (+2).
   It greatly protects you from cold.
 q - the +1 ring mail of the Fisher (worn) {rF+ Int+3}
   (You found it on level 4 of the Dungeon)

   It affects your intelligence (+3).
   It protects you from fire.
Jewellery
 d - an uncursed amulet of magic regeneration
 i - an amulet of the acrobat (around neck)
Wands
 b - a wand of digging (6)
 e - a wand of flame (16)
 p - a wand of acid (3)
Scrolls
 c - a scroll of magic mapping
 f - 6 scrolls of identify
 h - 2 scrolls of remove curse
 j - 3 scrolls of enchant weapon
 l - a scroll of enchant armour


   Skills:
 + Level 10.4 Fighting
 - Level 2.4 Short Blades
 - Level 3.2 Armour
 - Level 3.6 Shields


You had 7 spell levels left.
You didn't know any spells.
Your spell library was empty.

Dungeon Overview and Level Annotations

Branches:
Dungeon (5/12)             Temple (1/1) D:5

Altars:
Ashenzari
Fedhas
Makhleb
Nemelex Xobeh
Ru
Uskayaw
Wu Jian

Shops:
D:4 (

Annotations:
D:5 Crazy Yiuf


Innate Abilities, Weirdness & Mutations

You do not eat or drink.
You are immune to poison.
Your flesh is cold resistant. (rC+)
Your body sometimes deteriorates upon taking damage.
You are immune to negative energy. (rN+++)
You regenerate a little health from kills.
You are immune to unholy pain and torment.
You can survive without breathing.
When hurt, damage is shared between your health and your magic reserves.
Your movements are slightly less encumbered by armour. (ER -2)
Casting spells heals you.


Message History

Crazy Yiuf hits you with a +4 quarterstaff of chaos!
Your body deteriorates!
You feel weakened.
You closely miss Crazy Yiuf.
Crazy Yiuf is heavily wounded.
Crazy Yiuf hits you with a +4 quarterstaff of chaos!
Crazy Yiuf freezes you.
Your shield prevents you from hitting Crazy Yiuf.
Crazy Yiuf is heavily wounded.
You block Crazy Yiuf's attack.
You hit Crazy Yiuf but do no damage.
Crazy Yiuf is heavily wounded.
Crazy Yiuf zaps a wand.
The bolt of acid hits you!
* * * LOW HITPOINT WARNING * * *
The acid corrodes you!
You are splashed with acid!
* * * LOW HITPOINT WARNING * * *
Your body deteriorates!
You feel clumsy.
You closely miss Crazy Yiuf.
Crazy Yiuf is heavily wounded.
Crazy Yiuf zaps a wand.
The bolt of acid hits you!
You die...

...#.## .#..#.#
.##..#####
..##%.#..#
.(.##.##.#
!.##..##.#
.##..##..# ####
♣♣#### ##..#.##.#
#)..#♣♣ ♣♣....##
#..#.###.#
#..g@.♣♣♣♣.P....#
..#.#.#..##
#...#♣..♣.PP....#
.#######..# ####
♣♣♣.♣....#.#
......###.#
♣♣♣♣♣##..#
..###..##.# #.##
....##..#.#######
#.#
#.....#.........#
##.#
####......#####.#
#..#
###......###.#
#.##


You could see Crazy Yiuf.

Vanquished Creatures
  Grinder (D:4)
  Sigmund (D:3)
  A steam dragon (D:5)
  2 sky beasts
  A centaur (D:5)
  A howler monkey (D:4)
  2 crimson imps (D:3)
  A hound (D:5)
  A quasit (D:4)
  A bullfrog skeleton (D:5)
  Terence (D:3)
  2 orc wizards (D:3)
  2 worker ants
  9 adders
  A shadow imp (D:5)
  An ooze (D:3)
  An adder skeleton (D:5)
  An adder zombie (D:5)
  3 worms
  3 dart slugs (D:1)
  2 leopard geckos
  2 orcs
  A giant cockroach (D:3)
  5 goblins (D:1)
  14 hobgoblins
  9 jackals
  5 kobolds
  4 quokkas
  A ball python (D:3)
  3 bats (D:2)
  A frilled lizard (D:3)
  A leopard gecko skeleton (D:3)
  3 rats (D:1)
87 creatures vanquished.

Notes
Turn   | Place    | Note
-------+----------+-------------------------------------------
     0 | D:1      | Felnil the Skeleton Fighter began the quest for the Orb.
     0 | D:1      | Reached XP level 1. HP: 14/14 MP: 1/1
   648 | D:1      | Reached XP level 2. HP: 19/19 MP: 2/2
   917 | D:1      | Reached skill level 4 in Fighting
   978 | D:1      | Reached XP level 3. HP: 18/24 MP: 3/3
  1783 | D:2      | Found a faded altar of an unknown god.
  2261 | D:3      | Reached XP level 4. HP: 28/30 MP: 4/4
  2332 | D:3      | Reached skill level 5 in Fighting
  2401 | D:3      | Found a burning altar of Makhleb.
  2495 | D:3      | Reached XP level 5. HP: 25/36 MP: 5/5
  2505 | D:3      | Reached skill level 6 in Fighting
  2745 | D:3      | Noticed Terence
  2971 | D:3      | Killed Terence
  3124 | D:3      | Noticed Sigmund
  3222 | D:3      | Killed Sigmund
  3222 | D:3      | Reached skill level 7 in Fighting
  3222 | D:3      | Gained mutation: You regenerate a little health from kills.
                  | [Skeleton growth]
  3222 | D:3      | Reached XP level 6. HP: 26/44 MP: 3/6
  3390 | D:3      | Found a blossoming altar of Fedhas.
  3639 | D:4      | Found Bejoufee's Antique Weapon Emporium.
  3990 | D:4      | Got an encrusted ring mail
  4004 | D:4      | Identified the +1 ring mail of the Fisher {rF+ Int+3} (You
                  | found it on level 4 of the Dungeon)
  4393 | D:5      | Entered Level 5 of the Dungeon
  4409 | D:4      | Reached skill level 8 in Fighting
  4409 | D:4      | Reached XP level 7. HP: 45/49 MP: 7/7
  4457 | D:4      | HP: 1/49 [something (5)]
  4945 | D:5      | Noticed Grinder
  4968 | D:5      | Paralysed by Grinder for 3 turns
  5027 | D:5      | HP: 1/50 [centaur/arrow (6)]
  5235 | D:5      | Reached skill level 9 in Fighting
  5427 | D:4      | Paralysed by Grinder for 4 turns
  5444 | D:4      | Killed Grinder
  5444 | D:4      | Reached XP level 8. HP: 42/57 MP: 5/8
  5562 | D:5      | Found a staircase to the Ecumenical Temple.
  5598 | Temple   | Entered the Ecumenical Temple
  5645 | Temple   | Became a worshipper of Ru the Awakened
  5827 | D:5      | Reached skill level 10 in Fighting
  6038 | D:5      | Got a transparent leather armour
  6049 | D:5      | Identified the cursed +1 leather armour of the Fife {rC++
                  | Dex+2} (You found it on level 5 of the Dungeon)
  6445 | D:5      | Found a runed door.
  6575 | D:5      | Noticed Crazy Yiuf
  6578 | D:5      | Paralysed by Crazy Yiuf for 2 turns
  6587 | D:5      | Killed from afar by Crazy Yiuf

Skill      XL: |  1  2  3  4  5  6  7  8 |
---------------+-------------------------+-----
Fighting       | 4 5 7 8 9 10 | 10.4
Short Blades   | |  2.4
Armour         | |  3.2
Shields        | |  3.6

Action                   |  1- 3 |  4- 6 |  7- 9 || total
-------------------------+-------+-------+-------++-------
Melee: Rapier            |   165 |   188 |   188 ||   541
Evoke: Wand              |       |       |     3 ||     3
  Use: Scroll            |       |       |    10 ||    10
Armor: Scale mail        |    49 |    59 |       ||   108
       Ring mail         |       |    17 |    58 ||    75
Dodge: Dodged            |    47 |    57 |    60 ||   164
Block: Shield            |    61 |    87 |    43 ||   191
       Large shield      |       |       |    59 ||    59
